 Dungeon Crawl Stone Soup version 0.31-a0-188-g5e087ee2ca (webtiles) character file.

Game seed: 13778993080464966443

21 qw the Shooter (level 2, -1/16 HPs)
             Began as a Deep Elf Hunter on June 23, 2023.
             Succumbed to their own poison gas
             ... on level 1 of the Dungeon.
             The game lasted 00:00:14 (375 turns).

qw the Shooter (Deep Elf Hunter)                     Turns: 375, Time: 00:00:14

Health: -1/16      AC:  6    Str:  8    XL:     2   Next: 62%
Magic:  4/4        EV: 10    Int: 13    God:
Gold:   128        SH:  0    Dex: 18    Spells: 1/1 levels left

rFire   . . .        Y - +0 shortbow
rCold   . . .        (shield currently unavailable)
rNeg    . . .        g - +0 ring mail
rPois   .            (no helmet)
rElec   .            (no cloak)
rCorr   .            (no gloves)
SInv    .            i - +0 pair of boots
Will    .....        (no amulet)
Stlth   +            (no ring)
HPRegen 0.22/turn    (no ring)
MPRegen 0.09/turn

%: no passive effects
@: lethally poisoned (-1 -> -10), invisible
A: no striking features
a: no special abilities


You were on level 1 of the Dungeon.
You visited 1 branch of the dungeon, and saw 1 of its levels.

You collected 128 gold pieces.


   Skills:
 - Level 1.5 Fighting
 + Level 6.4 Ranged Weapons
 - Level 2.4 Dodging
 - Level 1.2 Stealth


You had one spell level left.
You didn't know any spells.
Your spell library was empty.

Inventory:

Hand Weapons
 Y - a +0 shortbow (weapon)
Armour
 g - a +0 ring mail (worn)
 i - a +0 pair of boots (worn)
Potions
 j - a potion of brilliance {unknown}

Dungeon Overview and Level Annotations

Branches:
Dungeon (1/15)

Altars:


Message History

It is a scroll of enchant armour.
Really abort (and waste the scroll)?
Done exploring.
368 ||| READING scroll labelled HAEKKO MAUROMP.
As you read the scroll labelled HAEKKO MAUROMP, it crumbles to dust.
The air around you briefly surges with heat, but it dissipates.
It was a scroll of immolation.
Done exploring.
369 ||| DRINKING 2 metallic orange potions.
It was a potion of invisibility.
You fade into invisibility!
Done exploring.
370 ||| DROPPING scroll of butterflies.
You drop a scroll of butterflies.
Done exploring.
371 ||| DROPPING potion of invisibility.
You drop a potion of invisibility.
Done exploring.
(D) Dungeon
Where to? (* - list waypoints, ? - help)
What level of the Dungeon? (default 1, ? - help) Sorry, I don't know how to get there.
Enter note:
Enter note:
Enter note:
Enter note:
Enter note:
Enter note:
Enter note:
Enter note:
Enter note: Really walk into that cloud of poison gas?
You are lethally poisoned!
You feel very sick.
373 ||| Stepping ~*~*~tactically~*~*~ (cloud).
You feel very sick.
Items here: ! ? [[.
There is a lethal amount of poison in your body!
You feel very sick.
There is a lethal amount of poison in your body!
You die...

.................#...........#
##.#.........................#
#............................#
#.....%..........#...........#
#.......>...######..........##
###....>###...####.##...#####
#.##....#####..00#0##.#.#
...#.........###¤0¤#..#.#
...#########¤¤¤0@¤000##.#
#........#######¤¤0#¤##.####
##..####..#### ###¤0¤¤.....#
#..## ##....#####¤¤00.0..)#
..## ####.......00¤¤0...# ..#
######..¤¤0¤0...# .##
#...0¤¤0...# .# #..........#
## #.##########


There were no monsters in sight!

Vanquished Creatures
  4 bats (D:1)
  2 endoplasms (D:1)
  2 goblins (D:1)
  2 hobgoblins (D:1)
  A quokka (D:1)
  3 ball pythons (D:1)
  A frilled lizard (D:1)
  A kobold (D:1)
  4 rats (D:1)
20 creatures vanquished.

Notes
Turn   | Place    | Note
-------+----------+-------------------------------------------
     0 | D:1      | qw the Deep Elf Hunter began the quest for the Orb.
     0 | D:1      | Reached XP level 1. HP: 12/12 MP: 3/3
     0 | D:1      | 0 ||| qw: Version: 0.3-a-9-g12657ce
     0 | D:1      | 0 ||| qw: Game counter: 3075
     0 | D:1      | 0 ||| qw: Always use a shield: true
     0 | D:1      | 0 ||| qw: God list: Okawaru
     0 | D:1      | 0 ||| qw: Allow faded altars: false
     0 | D:1      | 0 ||| qw: Do Orc after D:15 true
     0 | D:1      | 0 ||| qw: Do second Lair branch before Depths: true
     0 | D:1      | 0 ||| qw: Lair rune preference: random
     0 | D:1      | 0 ||| qw: Plans: Normal
     0 | D:1      | 0 ||| PLANNING D:1-11
   114 | D:1      | Reached skill level 6 in Ranged Weapons
   114 | D:1      | Reached XP level 2. HP: 16/16 MP: 4/4
   349 | D:1      | 349 ||| UPGRADING to +0 ring mail.
   359 | D:1      | 359 ||| DROPPING +0 leather armour.
   360 | D:1      | 360 ||| UPGRADING to +0 pair of boots.
   365 | D:1      | 365 ||| DROPPING scarf of shadows.
   366 | D:1      | 366 ||| READING scroll labelled ZYEPRE SYER.
   367 | D:1      | 367 ||| READING scroll labelled FIGHEO KYTASKI.
   368 | D:1      | 368 ||| READING scroll labelled HAEKKO MAUROMP.
   369 | D:1      | 369 ||| DRINKING 2 metallic orange potions.
   370 | D:1      | 370 ||| DROPPING scroll of butterflies.
   371 | D:1      | 371 ||| DROPPING potion of invisibility.
   373 | D:1      | 373 ||| Stepping ~*~*~tactically~*~*~ (cloud).
   373 | D:1      | HP: 4/16 [poisoned by you (poison gas)]
   374 | D:1      | HP: 1/16 [poisoned by you (poison gas)]
   375 | D:1      | Succumbed to their own poison gas

Levels and vault maps discovered:
D:1:      dpeg_arrival_arbitrary_b, layout_rooms, minmay_misc_feat_chi

Skill      XL: |  1 |
---------------+----+-----
Ranged Weapons | 6 |  6.4
Fighting       | |  1.5
Dodging        | |  2.4
Stealth        | |  1.2

Action                     || total
---------------------------++-------
   Fire: Shortbow          ||    46
    Use: Scroll            ||     3
         Potion            ||     1
 Armour: Leather armour    ||     4
  Dodge: Dodged            ||     7

Table legend:
 A = Non-vault XP
 B = Vault XP
 C = Vault XP percentage of total XP
 D = Non-vault monster count
 E = Vault monster count
 F = Vault count percentage of total count
                 A         B        C        D         E       F
            +---------+---------+-------+---------+---------+-------
      Total |      30 |       0 |   0.0 |      20 |       0 |   0.0
            +---------+---------+-------+---------+---------+-------
        D:1 |      30 |       0 |   0.0 |      20 |       0 |   0.0
            +---------+---------+-------+---------+---------+-------
